 Dungeon Sprint DCSS version 0.22.0-6-g71bd7aa (webtiles) character file.

280 poirepourri the Peltast (level 10, -4/75 HPs)
             Began as a Gargoyle Fighter on Aug 14, 2018.
             Was the Champion of Cheibriados.
             Slain by a ghoul (20 damage)
             ... in the Dungeon (Sprint VI: "Thunderdome").
             The game lasted 00:03:09 (987 turns).

poirepourri the Peltast (Gargoyle Fighter)           Turns: 987, Time: 00:03:11

Health: -4/75      AC: 17    Str: 38    XL:     10   Next: 54%
Magic:  10/10      EV: 17    Int: 26    God:    Cheibriados [******]
Gold:   125        SH: 18    Dex: 35    Spells: 9/9 levels left

rFire    . . .     SeeInvis +   a - +0 flail
rCold    . . .     Gourm    .   c - +0 shield
rNeg     + . .     Faith    .   b - +0 scale mail
rPois    ∞         Spirit   .   (no helmet)
rElec    +         Reflect  .   (no cloak)
rCorr    .         Harm     .   (no gloves)
MR       .....     NoTele   +   (no boots)
Stlth    ++........             r - amulet of Fuddusa {RegenMP Int+2}
HPRegen  0.22/turn              p - ring "Mytsous Ken" {AC+3 Str+3 Dex+4 SInv}
MPRegen  0.37/turn              d - ring "Yblez" {Dex+4 Stlth+}

@: slowed, very slow
A: negative energy resistance 1, electricity resistance, unbreathing,
petrification resistance, rot immunity, AC +7
}: 1/15 runes: decaying
a: Bend Time, Temporal Distortion, Slouch, Step From Time, Renounce Religion


You were in the Dungeon.
You worshipped Cheibriados.
Cheibriados was exalted by your worship.
You were not hungry.

You visited 1 branch You collected 620 gold pieces.
You spent 495 gold pieces at shops.

Inventory:

Hand Weapons
 a - a +0 flail (weapon)
Armour
 b - a +0 scale mail (worn)
 c - a +0 shield (worn)
Jewellery
 d - the ring "Yblez" (right hand) {Dex+4 Stlth+}
   (You bought it in a shop in the Dungeon)

   [ring of stealth]

   It affects your dexterity (+4).
   It makes you more stealthy.
 p - the ring "Mytsous Ken" (left hand) {AC+3 Str+3 Dex+4 SInv}
   (You bought it in a shop in the Dungeon)

   [ring of protection]

   It affects your AC (+3).
   It affects your strength (+3).
   It affects your dexterity (+4).
   It lets you see invisible.
 r - the amulet of Fuddusa (around neck) {RegenMP Int+2}
   (You bought it in a shop in the Dungeon)

   [amulet of magic regeneration]

   It increases your magic regeneration.
   It affects your intelligence (+2).
 t - the ring of Xom's Amusement {Fire Dex+2, unknown}
   (You found it in the Dungeon)

   [ring of fire]

   It enhances your fire magic.
   It affects your dexterity (+2).
   It protects you from fire.
   It makes you vulnerable to cold.
Wands
 m - a wand of acid (5)
 n - a wand of iceblast (5)
Scrolls
 k - 2 scrolls of blinking
 o - 3 scrolls of fog
Potions
 e - 4 potions of heal wounds
 h - 4 potions of haste
 i - 2 potions of magic
 j - a potion of berserk rage
 l - a potion of resistance
 s - a potion of mutation {unknown}
Comestibles
 f - a ration


   Skills:
 - Level 14.1 Fighting
 - Level 11.0 Maces & Flails
 - Level 3.2 Armour
 - Level 5.8 Dodging
 + Level 15.5 Shields


You had 9 spell levels left.
You didn't know any spells.
Your spell library was empty.

Dungeon Overview and Level Annotations

Branches:
Dungeon (1/1)

Altars:
Cheibriados
Dithmenos
Fedhas
Gozag
Kikubaaqudgha
Okawaru
Qazlal
Ru
Sif Muna
Trog
Uskayaw
Vehumet
Wu Jian
Xom
Yredelemnul
Zin
The Shining One
Beogh
Jiyva
Lugonu

Shops:
D *[%??*?*:[((!!!!


Innate Abilities, Weirdness & Mutations

You are resistant to torment.
Your stone body is resilient. (AC +7)
You are immune to poison.
You resist negative energy. (rN+)
You are resistant to electric shocks. (rElec)
You can survive without breathing.
You are immune to petrification.
You are immune to rotting.


Message History

You feel much better.
A bog body comes into view.
The ghoul claws you but does no damage. The ghoul misses you.
The necrophage hits you but does no damage.
The ghoul closely misses you. You block the ghoul's attack.
You feel much better. The necrophage closely misses you.
The ghoul completely misses you. The ghoul claws you!!
The necrophage misses you.
You bludgeon the ghoul!!
The ghoul is lightly damaged.
The ghoul claws you but does no damage. You block the ghoul's attack.
You block the necrophage's attack. The ghoul barely misses you.
You block the ghoul's attack.
You closely miss the necrophage.
The necrophage is heavily damaged.
The necrophage hits you but does no damage.
The ghoul claws you!
* * * LOW HITPOINT WARNING * * *
The ghoul claws you!!
You die...

............###.............##
.........###...###..........⌠#
.........# #.<.# #..........⌠#
........[###...###..........⌠#
............###.............##
#∩........8.# #.8........∩###
##∩___......###†.....___∩##
######.8.........8.######
#⌠........@.†⌠#
###......nn.### #_......._#
#_......._# #_......._#
#∩.......∩# ##∩.....∩##
##.....## ##⌠⌠⌠##


You could see a ghoul and a necrophage.

Vanquished Creatures
  A wizard (D)
  A sea snake (D)
  A water nymph (D)
  A wind drake (D)
  4 bog bodies (D)
  2 insubstantial wisps (D)
  A hell hound (D)
  A necrophage (D)
  5 wolves (D)
  2 bullfrogs (D)
  Terence (D)
  2 adders (D)
  2 worms (D)
  A giant cockroach (D)
  A kobold (D)
  A rat (D)
27 creatures vanquished.

Vanquished Creatures (others)
  A swamp drake (D)
1 creature vanquished.

Grand Total: 28 creatures vanquished

Notes
Turn   | Place    | Note
-------+----------+-------------------------------------------
     0 | D        | poirepourri the Gargoyle Fighter began the quest for the Orb.
     0 | D        | Reached XP level 1. HP: 14/14 MP: 1/1
     1 | D        | Found a viscous altar of Jiyva.
     2 | D        | Found a bloodstained altar of Trog.
     2 | D        | Found a roughly hewn altar of Beogh.
     3 | D        | Found a stormy altar of Qazlal.
     3 | D        | Found a deep blue altar of Sif Muna.
     4 | D        | Found a basalt altar of Yredelemnul.
     4 | D        | Found Fimeliti's Staff Store.
     4 | D        | Found Xuicotio's Magic Scroll Shop.
     5 | D        | Found Naqub's Must-Have Magic.
     5 | D        | Found Ibauhof's Magic Scroll Shop.
     5 | D        | Round 1.
     9 | D        | Found a hide-covered altar of Uskayaw.
    10 | D        | Found a corrupted altar of Lugonu.
    11 | D        | Found Emygix's Delicious Food.
    12 | D        | Found Somit's Jewellery.
    12 | D        | Found Howoill's Advanced Armour.
    12 | D        | Found a burning altar of Makhleb.
    12 | D        | Found a shadowy altar of Dithmenos.
    12 | D        | Found a glowing golden altar of the Shining One.
    12 | D        | Found Viteattoxo's Identification Station.
    16 | D        | Found a radiant altar of Vehumet.
    34 | D        | Reached XP level 2. HP: 10/19 MP: 2/2
    38 | D        | Reached skill level 5 in Maces & Flails
    39 | D        | Found a shimmering altar of Xom.
    54 | D        | Bought a flickering bone ring for 45 gold pieces
    54 | D        | Bought a faintly glowing lapis lazuli ring for 45 gold pieces
    54 | D        | Bought a coiled silver amulet for 45 gold pieces
    54 | D        | Identified the ring "Mytsous Ken" {AC+3 Str+3 Dex+4 SInv} (You bought it in a shop in the Dungeon)
    59 | D        | Identified the ring "Yblez" {Dex+4 Stlth+} (You bought it in a shop in the Dungeon)
    60 | D        | Identified the amulet "Lunko" {Inacc rElec rN+} (You bought it in a shop in the Dungeon)
    63 | D        | Bought a steaming garnet amulet for 45 gold pieces
    64 | D        | Identified the amulet of Fuddusa {RegenMP Int+2} (You bought it in a shop in the Dungeon)
    67 | D        | Noticed Terence
    72 | D        | Killed Terence
    72 | D        | Reached XP level 3. HP: 12/23 MP: 3/3
   117 | D        | Found a sacrificial altar of Ru.
   118 | D        | Found a snail-covered altar of Cheibriados.
   118 | D        | Found a blossoming altar of Fedhas.
   118 | D        | Found a glowing silver altar of Zin.
   118 | D        | Found Daphurhitu's Premium Goods.
   118 | D        | Found Jaho's Weapon Rack.
   119 | D        | Found Zealirid's Miscellaneous Merchandise.
   119 | D        | Found Paeqil's Basic Armour.
   122 | D        | Found an opulent altar of Gozag.
   126 | D        | Became a worshipper of Cheibriados the Contemplative
   133 | D        | Arena points: 6 (+6) [x1]
   145 | D        | Round 2.
   179 | D        | Found an ancient bone altar of Kikubaaqudgha.
   187 | D        | Noticed a scorpion
   191 | D        | Found Cuga's Distillery.
   192 | D        | Found an ornate altar of the Wu Jian Council.
   192 | D        | Found an iron altar of Okawaru.
   192 | D        | Found Yzxetuah's Do-It-Yourself Clinic.
   193 | D        | Arena points: 22 (+16) [x2]
   205 | D        | Round 3.
   221 | D        | Found Semya's Distillery.
   221 | D        | Noticed a bullfrog
   222 | D        | Found Tegi's Bottled Wisdom.
   227 | D        | Killed a bullfrog
   227 | D        | Reached * piety under Cheibriados
   227 | D        | Reached XP level 4. HP: 18/28 MP: 4/4
   227 | D        | Reached XP level 5. HP: 21/32 MP: 5/5
   250 | D        | Noticed an insubstantial wisp
   252 | D        | Noticed a swamp drake
   263 | D        | Killed a swamp drake
   278 | D        | Killed an insubstantial wisp
   278 | D        | Reached ** piety under Cheibriados
   278 | D        | Reached XP level 6. HP: 37/44 MP: 6/6
   318 | D        | Noticed an insubstantial wisp
   333 | D        | Killed an insubstantial wisp
   333 | D        | Reached XP level 7. HP: 50/54 MP: 7/7
   358 | D        | Arena points: 40 (+18) [x1]
   370 | D        | Round 4.
   378 | D        | Reached *** piety under Cheibriados
   424 | D        | Reached **** piety under Cheibriados
   447 | D        | Reached ***** piety under Cheibriados
   447 | D        | Reached XP level 8. HP: 45/64 MP: 8/8
   475 | D        | Arena points: 96 (+56) [x2]
   475 | D        | Reached skill level 4 in Shields
   524 | D        | Round 5.
   530 | D        | Noticed a witch
   539 | D        | Noticed a four-headed hydra
   551 | D        | Noticed a bog body
   551 | D        | Noticed an eight-headed hydra
   557 | D        | Noticed a five-headed hydra
   560 | D        | Killed a witch
   560 | D        | Arena points: 256 (+160) [x4]
   560 | D        | Reached skill level 10 in Shields
   560 | D        | Reached XP level 9. HP: 26/69 MP: 9/9
   625 | D        | Got a flickering brass ring
   625 | D        | Got a decaying rune of Zot
   727 | D        | Reached skill level 5 in Dodging
   727 | D        | Reached XP level 10. HP: 70/75 MP: 10/10
   728 | D        | Round 6.
   753 | D        | Noticed a sea snake
   769 | D        | Killed a sea snake
   769 | D        | Reached skill level 12 in Shields
   785 | D        | Reached skill level 13 in Shields
   838 | D        | Noticed a faun
   841 | D        | Noticed a water nymph
   859 | D        | Killed a water nymph
   859 | D        | Reached skill level 14 in Shields
   866 | D        | Bought 3 potions of heal wounds for 105 gold pieces
   866 | D        | Bought 3 potions of heal wounds for 105 gold pieces
   866 | D        | Bought 3 potions of heal wounds for 105 gold pieces
   874 | D        | Arena points: 280 (+24) [x1]
   886 | D        | Round 7.
   958 | D        | Reached ****** piety under Cheibriados
   963 | D        | Reached skill level 15 in Shields
   973 | D        | Noticed a ghoul
   987 | D        | Slain by a ghoul

Skill      XL: |  1  2  3  4  5  6  7  8  9 10 |
---------------+-------------------------------+-----
Maces & Flails | 4 7 9 11 | 11.0
Fighting       | 8 11 14 | 14.1
Shields        | 10 15 | 15.5
Dodging        | 5 |  5.8
Armour         | |  3.2

Action                   |  1- 3 |  4- 6 |  7- 9 | 10-12 || total
-------------------------+-------+-------+-------+-------++-------
Melee: Flail             |    42 |    23 |    50 |    64 ||   179
Invok: Slouch            |       |       |       |     1 ||     1
  Use: Potion            |     1 |     1 |     3 |     7 ||    12
       Scroll            |       |       |       |     2 ||     2
Armor: Scale mail        |    34 |     6 |    28 |    30 ||    98
Dodge: Dodged            |    18 |     4 |    21 |    59 ||   102
Block: Shield            |    32 |     8 |    41 |    69 ||   150
